 Dungeon Crawl Stone Soup version 0.28-a0-655-g4eb62b627b (webtiles) character file.

Game seed: 2781823170700101255

6328 timneilson the Blocker (level 10, -2/91 HPs)
             Began as a Deep Dwarf Fighter on Oct 12, 2021.
             Was a Believer of Makhleb.
             Slain by a large slime creature (26 damage)
             ... on level 9 of the Dungeon.
             The game lasted 00:16:36 (6593 turns).

timneilson the Blocker (Deep Dwarf Fighter)         Turns: 6593, Time: 00:16:36

Health: -2/91      AC: 12    Str: 23    XL:     10   Next: 64%
Magic:  8/8        EV: 10    Int:  9    God:    Makhleb [**....]
Gold:   489        SH:  7    Dex: 12    Spells: 9/9 levels left

rFire   . . .      SeeInvis .   g - +4 long sword (vorpal)
rCold   + . .      Faith    .   c - +1 buckler
rNeg    + + .      Spirit   .   p - +0 chain mail
rPois   .          Reflect  .   (no helmet)
rElec   .          Harm     .   (no cloak)
rCorr   .          Rampage  .   (no gloves)
Will    +....                   d - +0 pair of boots "Cimoph" {Drain rC+ rN++ Stlth+}
Stlth   ..........              (no amulet)
HPRegen 0.00/turn               (no ring)
MPRegen 0.11/turn               (no ring)

@: no status effects
A: damage resistance, heal wounds, sense surroundings 2, no regeneration
a: Heal Wounds, Renounce Religion, Minor Destruction


You were on level 9 of the Dungeon.
You worshipped Makhleb.
Makhleb was pleased with you.
You visited 2 branches of the dungeon, and saw 10 of its levels.

You collected 489 gold pieces.

Inventory:

Hand Weapons
 a - a +1 long sword
 g - a +4 vorpal long sword (weapon)
Armour
 c - a +1 buckler (worn)
 d - the +0 pair of boots "Cimoph" (worn) {Drain rC+ rN++ Stlth+}
   (You acquired it on level 4 of the Dungeon)

   rC:        It protects you from cold.
   rN:        It greatly protects you from negative energy.
   Drain:     It drains your maximum health when unequipped.
   Stlth:     It makes you more stealthy.
 p - a +0 chain mail (worn)
 w - a +0 plate armour
Wands
 b - a wand of iceblast (10)
 h - a wand of paralysis (10)
 k - a wand of charming (10)
 u - a wand of digging (6)
 v - a wand of polymorph (6)
Scrolls
 e - a scroll of enchant armour
 l - 2 scrolls of teleportation
 q - a scroll of identify
Potions
 f - 2 potions of curing
 i - 4 potions of lignification
 j - 2 potions of ambrosia
 m - a potion of haste
 n - a potion of mutation
 o - a potion of brilliance
 r - 2 potions of attraction
 s - a potion of heal wounds
Miscellaneous
 t - a condenser vane (inert)


   Skills:
 + Level 5.7 Fighting
 * Level 8.0 Long Blades
 * Level 9.0 Armour
 + Level 5.6 Dodging
 * Level 9.1 Shields
 + Level 4.6 Invocations
 + Level 4.7 Evocations


You had 9 spell levels left.
You didn't know any spells.
Your spell library contained the following spells:

 Spells                   Type           Power      Damage    Failure   Level
 Sting                    Tmut/Pois      0%         1d3       94%         1
 Poisonous Vapours        Pois/Air       0%         N/A       98%         2
 Slow                     Hex            0%         N/A       98%         2
 Confusing Touch          Hex            0%         N/A       100%        3
 Ozocubu's Armour         Ice            0%         N/A       100%        3
 Leda's Liquefaction      Hex/Erth       0%         N/A       100%        4
 Olgreb's Toxic Radiance  Pois           0%         N/A       100%        4
 Lee's Rapid Deconstruct  Erth           0%         3d5*      100%        5
 Yara's Violent Unravell  Hex/Tmut       0%         3d3       100%        5
 Statue Form              Tmut/Erth      0%         N/A       100%        6
 Ozocubu's Refrigeration  Ice            0%         4d5       100%        7


Dungeon Overview and Level Annotations

Branches:
Dungeon (9/15)             Temple (1/1) D:5             Orc (0/2) D:9
   Lair: D:8-11

Altars:
Ashenzari
Cheibriados
Dithmenos
Elyvilon
Fedhas
Gozag
Hepliaklqana
Kikubaaqudgha
Makhleb
Nemelex Xobeh
Okawaru
Qazlal
Ru
Uskayaw
Vehumet
Wu Jian
Xom
Yredelemnul
Zin
The Shining One


Innate Abilities, Weirdness & Mutations

You are resistant to damage.
You can heal yourself by infusing magical energy.
You passively map the area around you.
You do not regenerate.


Message History

A slime creature comes into view.
The slime creature quivers.
A slime creature comes into view.
Found a warped leather armour.
The slime creature quivers.
A slime creature comes into view.
A slime creature comes into view.
Found a glowing dagger and a war axe.
The slime creature quivers. x2
The slime creature hits you!
* * * LOW HITPOINT WARNING * * *
The slime creature hits you.
* * * LOW HITPOINT WARNING * * *
You feel much better. The slime creature barely misses you.
You block the slime creature's attack.
You slash the slime creature!
The slime creature is moderately wounded.
The slime creature hits you! The slime creature barely misses you.
Two slime creatures merge to form a large slime creature.
Unknown command.
You hit the slime creature.
The slime creature is moderately wounded.
The slime creature hits you!
Two slime creatures merge to form a very large slime creature.
Unknown command.
You barely miss the very large slime creature.
The slime creature hits you but does no damage.
A very large slime creature splits.
Unknown command.
You barely miss the large slime creature.
The slime creature hits you!
* * * LOW HITPOINT WARNING * * *
The large slime creature hits you.
* * * LOW HITPOINT WARNING * * *
The slime creature closely misses you.
Unknown command.
You slash the large slime creature!
The large slime creature is lightly wounded.
The slime creature closely misses you. The large slime creature hits you!!
You die...

* ##.).. ######... * ,
#..8. #......). ,,,,*
##).. #.......#** **
###.... #..[....#
########.....#
#........
..........#.##
#).....!#
###.........##
#.....JJ#
#............
#.....J@#
#........[.##
#######.# #..........#
#.####..........##
#####.##..............
#..................###
#...................#
#.........∩.........#
#...................#
#...................#


You could see a large slime creature and 2 slime creatures.

Vanquished Creatures
  Pikel (D:9)
  Maggie (D:6)
  Psyche (D:9)
  A troll (D:9)
  Grinder (D:5)
  Sigmund (D:6)
  Eustachio (D:6)
  4 yaks
  Duvessa (D:4)
  2 water moccasins (D:7)
  An ice beast (D:8)
  2 orc warriors (D:9)
  2 black bears
  A sky beast (D:7)
  2 necrophages
  An ogre (D:7)
  5 centaurs
  2 phantoms
  A lemure (D:9)
  2 kobold brigands
  A bullfrog (D:8)
  A gnoll sergeant (D:5)
  4 scorpions
  Dowan (D:4)
  A wyvern skeleton (D:7)
  8 wights
  A bullfrog zombie (D:6)
  2 bullfrog skeletons
  2 hounds (D:6)
  12 orc priests
  A centaur zombie (D:6)
  A jelly (D:4)
  A centaur skeleton (D:7)
  15 orc wizards
  2 iguanas
  A statue (D:6)
  A killer bee zombie (D:6)
  A centaur simulacrum (D:9)
  10 adders
  A howler monkey skeleton (D:5)
  9 gnolls
  5 white imps
  An ufetubus (D:4)
  An adder skeleton (D:4)
  31 orcs
  6 ball pythons
  3 bats (D:1)
  10 endoplasms
  3 giant cockroaches
  9 hobgoblins
  2 jackals (D:2)
  3 quokkas
  A frilled lizard (D:1)
  5 goblins
  15 kobolds
  6 rats
210 creatures vanquished.

Vanquished Creatures (others)
  A centaur simulacrum (D:9)
  7 fungi (D:9)
8 creatures vanquished.

Grand Total: 218 creatures vanquished

Notes
Turn   | Place    | Note
-------+----------+-------------------------------------------
     0 | D:1      | timneilson the Deep Dwarf Fighter began the quest for the
                  | Orb.
     0 | D:1      | Reached XP level 1. HP: 20/20 MP: 1/1
    69 | D:1      | Reached XP level 2. HP: 24/27 MP: 2/2
   208 | D:1      | Found a faded altar of an unknown god.
   332 | D:1      | Reached XP level 3. HP: 19/33 MP: 3/3
  1160 | D:3      | Reached skill level 1 in Dodging
  1278 | D:3      | Reached XP level 4. HP: 24/42 MP: 4/4
  1322 | D:3      | Reached XP level 5. HP: 42/49 MP: 5/5
  2118 | D:4      | Reached XP level 6. HP: 46/56 MP: 5/5
  2303 | D:4      | Found a stormy altar of Qazlal.
  2480 | D:4      | Noticed Duvessa
  2486 | D:4      | Killed Duvessa
  2487 | D:4      | Reached skill level 5 in Armour
  2487 | D:4      | Reached skill level 5 in Shields
  2490 | D:4      | Noticed Dowan
  2501 | D:4      | Reached XP level 7. HP: 37/62 MP: 6/6
  2506 | D:4      | Killed Dowan
  2562 | D:4      | Found an opulent altar of Gozag.
  3064 | D:4      | Identified a scroll of acquirement
  3064 | D:4      | Acquired the +0 pair of boots "Cimoph" {Drain rC+ rN++
                  | Stlth+}
  3121 | D:5      | Entered Level 5 of the Dungeon
  3136 | D:5      | Found a staircase to the Ecumenical Temple.
  3146 | D:5      | Noticed Grinder
  3176 | D:5      | Killed Grinder
  3177 | D:5      | Reached skill level 5 in Long Blades
  3177 | D:5      | Reached XP level 8. HP: 45/72 MP: 6/6
  3231 | Temple   | Entered the Ecumenical Temple
  3262 | Temple   | Became a worshipper of Makhleb the Destroyer
  3818 | D:5      | Reached skill level 1 in Invocations
  3818 | D:5      | Reached skill level 1 in Evocations
  3818 | D:5      | Gained mutation: You passively map the area around you.
                  | [Deep Dwarf growth]
  3818 | D:5      | Reached XP level 9. HP: 49/79 MP: 7/7
  3949 | D:5      | Found a glowing golden altar of the Shining One.
  4109 | D:5      | Found a faded altar of an unknown god.
  4111 | D:5      | Found a hazy altar of Hepliaklqana.
  4430 | D:6      | Found an iron altar of Okawaru.
  4446 | D:6      | Reached * piety under Makhleb
  4449 | D:6      | Noticed Eustachio
  4489 | D:6      | Killed Eustachio
  4586 | D:6      | Noticed Sigmund
  4595 | D:6      | Killed Sigmund
  4596 | D:6      | Reached skill level 5 in Fighting
  4689 | D:6      | Found a shadowy altar of Dithmenos.
  4695 | D:6      | Noticed Maggie
  4706 | D:6      | Killed Maggie
  4946 | D:6      | Found a radiant altar of Vehumet.
  5128 | D:7      | Noticed a +0 hand axe
  5129 | D:7      | Found a hide-covered altar of Uskayaw.
  5129 | D:7      | Noticed a +0 hand axe
  5193 | D:7      | Reached skill level 5 in Dodging
  5452 | D:7      | Reached XP level 10. HP: 46/88 MP: 9/9
  5496 | D:8      | Found a broken altar of Ashenzari.
  5584 | D:8      | Reached ** piety under Makhleb
  5722 | D:8      | Found a glowing silver altar of Zin.
  6291 | D:9      | Noticed Pikel
  6367 | D:9      | Found a staircase to the Orcish Mines.
  6379 | D:9      | Noticed Psyche
  6391 | D:9      | Killed Psyche
  6473 | D:9      | Killed Pikel
  6524 | D:9      | HP: 2/90 [orc warrior (11)]
  6593 | D:9      | Slain by a large slime creature

Illustrated notes

Levels and vault maps discovered:
D:1:      dpeg_arrival_shelter, layout_rooms, serial_glass, glass_columns_c,
          glass_columns_a, ebering_ecumenical_altar_rust, minivault_23
D:2:      layout_loops_ring
D:3:      layout_loops_ring, amcnicky_mini_pool_small, glass_columns_b,
          grunt_decor_clamped, kennysheep_generic_room_2
D:4:      layout_layer_cave, mainiacjoe_overflow_surrounded_room,
          lemuel_coloured_pillars_altar, uniq_duvessa
D:5:      layout_basic, beargit_hepliaklqana_dungeon_heroes, tso_altar,
          temple_pool_b, grunt_decor_cap, minmay_increasing_density,
          uniq_grinder
D:6:      layout_loops_ring, okawaru_metal_pillars_3, vehumet_statue,
          grunt_dithmenos_smoke_and_mirrors, uniq_maggie, uniq_eustachio,
          uniq_sigmund
D:7:      layout_basic, dancing_weapons_uskayaw
D:8:      layout_basic, ashenzari_altar_1, mainiacjoe_overflow_alcove_4
D:9:      layout_rooms, mainiacjoe_overflow_boulevard, orc_0_dummy, serial_ice,
          serial_ice_o, serial_ice_f, serial_ice_a, serial_ice_d, uniq_psyche,
          uniq_pikel
Temple:   cyrus_temple_forest

Skill      XL: |  1  2  3  4  5  6  7  8  9 10 |
---------------+-------------------------------+-----
Fighting       | 3 4 5 |  5.7
Dodging        | 1 2 3 4 5 |  5.6
Shields        | 4 5 6 7 8 9 |  9.1
Armour         | 4 5 6 7 8 9 |  9.0
Long Blades    | 3 4 5 6 7 8 |  8.0
Invocations    | 1 3 4 |  4.6
Evocations     | 1 3 4 |  4.7

Action                   |  1- 3 |  4- 6 |  7- 9 | 10-12 || total
-------------------------+-------+-------+-------+-------++-------
Melee: Long sword        |    94 |    89 |   350 |   154 ||   687
       Unarmed           |       |       |       |     5 ||     5
 Abil: Heal Wounds       |       |     2 |    10 |     7 ||    19
Evoke: Condenser vane    |       |       |       |     1 ||     1
  Use: Scroll            |     6 |     1 |     6 |     6 ||    19
       Potion            |       |     1 |     2 |       ||     3
 Stab: Confused          |       |       |       |     1 ||     1
Armor: Scale mail        |    47 |    44 |   114 |       ||   205
       Chain mail        |       |       |    23 |    93 ||   116
       Skin              |       |       |       |     1 ||     1
Dodge: Dodged            |    62 |    45 |   200 |    71 ||   378
Block: Buckler           |    25 |    46 |   148 |    71 ||   290

Table legend: (Time is in decaauts)
 A = Elapsed time spent in this place.
 B = Non-inter-level travel time spent in this place.
 C = Inter-level travel time spent in this place.
 D = Time resting spent in this place.
 E = Time spent auto-exploring this place.
 F = Levels seen in this place.
 G = Mean time per level.
                   A        B        C        D        E       F      G
               +--------+--------+--------+--------+--------+-----+--------+
         Total |   6678 |   6363 |    315 |     65 |   4598 |  10 |  667.8 |
       Dungeon |   6572 |   6294 |    278 |     65 |   4541 |   9 |  730.2 |
        Temple |    106 |     69 |     37 |      0 |     57 |   1 |  106.0 |
               +--------+--------+--------+--------+--------+-----+--------+

Top non-repeatable levels by time:
     D:4: 1225 daAuts
     D:5: 951 daAuts
     D:6: 846 daAuts
     D:3: 844 daAuts
     D:8: 830 daAuts
     D:2: 670 daAuts
     D:7: 501 daAuts
     D:1: 430 daAuts
     D:9: 270 daAuts
  Temple: 106 daAuts
